 Dungeon Crawl Stone Soup version 0.30-a0-4-ga7cffc901d (webtiles) character file.

Game seed: 8464512472921011988

1948 Setbun the Covert (level 9, -1/54 HPs)
             Began as a Kobold Enchanter on Aug 20, 2022.
             Slain by an orc warrior
             ... wielding a +0 battleaxe
              (8 damage)
             ... on level 6 of the Dungeon.
             The game lasted 00:08:57 (7290 turns).

Setbun the Covert (Kobold Enchanter)                Turns: 7290, Time: 00:08:59

Health: -1/54      AC:  4    Str:  5    XL:     9   Next: 41%
Magic:  8/16       EV: 18    Int: 17    God:
Gold:   393        SH:  0    Dex: 19    Spells: 13/18 levels left

rFire   . . .      SeeInvis .    n - +2 dagger (venom)
rCold   . . .      Faith    .    (no shield)
rNeg    . . .      Spirit   .    b - +0 robe
rPois   .          Reflect  .    (no helmet)
rElec   .          Harm     .    f - +0 cloak
rCorr   .          Rampage  .    (no gloves)
Will    .....                    o - +0 pair of boots
Stlth   +++++.....               (no amulet)
HPRegen 0.18/turn                (no ring)
MPRegen 0.15/turn                (no ring)

@: confusing by touch
A: small, no large weapons, nightstalker 3
a: no special abilities


You were on level 6 of the Dungeon.
You visited 1 branch of the dungeon, and saw 6 of its levels.
You also visited: Sewer.

You collected 393 gold pieces.

Inventory:

Hand Weapons
 a - a +1 dagger
 n - a +2 dagger of venom (weapon)
Armour
 b - a +0 robe (worn)
 f - a +0 cloak (worn)
 o - a +0 pair of boots (worn)
Wands
 w - a wand of flame (51)
Scrolls
 d - a scroll of immolation {unknown}
 e - 4 scrolls of teleportation
 i - 11 scrolls of identify {unknown}
 j - 3 scrolls of butterflies {unknown}
 k - a scroll of noise {unknown}
 p - 2 scrolls of amnesia {unknown}
 q - 3 scrolls of magic mapping
 s - 3 scrolls of fear {unknown}
 v - a scroll of enchant weapon {unknown}
 y - a scroll of blinking
Potions
 c - 5 potions of invisibility
 g - a potion of attraction {unknown}
 h - 2 potions of flight {unknown}
 l - 3 potions of might {unknown}
 m - 3 potions of ambrosia {unknown}
 r - 2 potions of heal wounds {unknown}
 t - 2 potions of curing {unknown}
 u - a potion of lignification {unknown}
 x - 5 potions of haste {unknown}
 z - a potion of cancellation {unknown}
 A - a potion of mutation {unknown}


   Skills:
 + Level 5.0 Fighting
 + Level 6.2 Short Blades
 + Level 6.2 Dodging
 + Level 8.0 Stealth
 + Level 5.1 Spellcasting
 + Level 5.6 Hexes


You had 13 spell levels left.
You knew the following spells:

 Your Spells              Type           Power      Damage    Failure   Level
a - Ensorcelled Hibernat  Hex/Ice        26%        N/A       7%          2
b - Confusing Touch       Hex            23%        N/A       4%          3

Your spell library contained the following spells:

 Spells                   Type           Power      Damage    Failure   Level
 Tukima's Dance           Hex            23%        N/A       4%          3
 Dazzling Flash           Conj/Hex       26%        N/A       13%         3
 Scorch                   Fire           8%         2d5       22%         2
 Fulminant Prism          Conj/Hex       6%         3d7       41%         4
 Flame Wave               Conj/Fire      4%         2d5       80%         4
 Iskenderun's Mystic Bla  Conj/Tloc      4%         2d3       80%         4
 Lee's Rapid Deconstruct  Erth           2%         3d5*      98%         5
 Summon Cactus Giant      Summ           2%         N/A       100%        6


Dungeon Overview and Level Annotations

Branches:
Dungeon (6/15)              Sewer (visited)
 Temple: D:4-7

Altars:
Ashenzari
Hepliaklqana
Makhleb
Ru
Sif Muna
Vehumet
Zin

Shops:
D:3 *   D:4 (


Innate Abilities, Weirdness & Mutations

You are small and have problems with some larger weapons.
You are completely attuned to the shadows.


Message History

You hit the orc priest but do no damage.
The orc priest is lightly wounded.
You hit the orc priest but do no damage.
The orc priest is lightly wounded.
The orc priest hits you with a +0 trident.
You hit the orc priest but do no damage.
The orc priest appears confused.
The orc priest is lightly wounded.
The orc priest hits you but does no damage.
The orc priest hits itself with a +0 trident.
You catch the helpless orc priest completely off-guard!
You impale the orc priest!!
You kill the orc priest!
Your Fighting skill increases to level 5!
Your Stealth skill increases to level 8!
You start resting.
An orc warrior is nearby!
You start resting.
An orc warrior is nearby!
Casting: Confusing Touch (dangerous; 4% risk of failure)
Confirm with . or Enter, or press ? or * to list all spells.
Your hands begin to glow red.
The orc warrior hits you with a +0 battleaxe!
* * * LOW HITPOINT WARNING * * *
Casting: Confusing Touch (dangerous; 4% risk of failure)
Confirm with . or Enter, or press ? or * to list all spells.
Aiming: Ensorcelled Hibernation (safe; 7% risk of failure)
Press: ? - help, Shift-Dir - straight line, f - orc warrior
Aim: an orc warrior, wielding a +0 battleaxe, wearing a +0 plate armour and quivering boomerangs (chance to confuse on hit: 55%, chance to affect: 47%)
The orc warrior resists with some effort.
The orc warrior hits you with a +0 battleaxe.
* * * LOW HITPOINT WARNING * * *
Casting: Ensorcelled Hibernation (safe; 7% risk of failure)
Confirm with . or Enter, or press ? or * to list all spells.
Aiming: Ensorcelled Hibernation (safe; 7% risk of failure)
Press: ? - help, Shift-Dir - straight line, f/p - orc warrior
Aim: an orc warrior, wielding a +0 battleaxe, wearing a +0 plate armour and quivering boomerangs (chance to confuse on hit: 55%, chance to affect: 47%)
The orc warrior resists with some effort.
The orc warrior hits you with a +0 battleaxe!
You die...

##.................##..
###.)####+####.......##..
#.)..#.......#........#.. ..
#####.)###.......#...........
..###...#...##..♣♣♣..#.[......#..
.##.....)....#..♣ ♣..#.......###.
o.....###....#..♣♣♣..#.......# ##
oo..### ####.#.......#......## #
#..### ###.)@....#...<.## ..<..#
####o####......# ...#..# #..)#
#.......#### ##.##..
######)#####..........## #.# .#
##.....o...###..........#
#.##.###...........#.....##...##
##.#...................#........#
##.##...............######.......
...##)..............# ####....


You could see an orc warrior.

Vanquished Creatures
  Maggie (D:6)
  Menkaure (D:6)
  2 ice beasts
  A black bear (D:4)
  3 ogres
  2 kobold brigands (Sewer)
  Blork the orc (D:6)
  4 scorpions (D:5)
  A bullfrog (D:6)
  A crimson imp (D:4)
  2 hounds
  A gnoll bouda (D:5)
  An orc priest (D:6)
  3 iguanas
  An orc wizard (D:6)
  5 adders
  7 gnolls (D:5)
  3 white imps
  6 dart slugs
  18 orcs
  5 endoplasms
  8 giant cockroaches
  4 goblins
  7 hobgoblins
  26 kobolds
  4 quokkas
  7 ball pythons
  8 bats
  8 frilled lizards
  8 rats
149 creatures vanquished.

Vanquished Creatures (others)
  10 plants
10 creatures vanquished.

Grand Total: 159 creatures vanquished

Notes
Turn   | Place    | Note
-------+----------+-------------------------------------------
     0 | D:1      | Setbun the Kobold Enchanter began the quest for the Orb.
     0 | D:1      | Reached XP level 1. HP: 10/10 MP: 3/3
   459 | D:1      | Reached XP level 2. HP: 16/16 MP: 5/5
   851 | D:1      | Reached XP level 3. HP: 20/20 MP: 6/6
  1104 | D:2      | Reached skill level 1 in Fighting
  1494 | D:2      | Reached XP level 4. HP: 25/25 MP: 7/7
  1533 | D:2      | Found a faded altar of an unknown god.
  2223 | D:3      | Found a glowing drain.
  2253 | Sewer    | Entered a sewer
  2401 | Sewer    | Noticed a kobold brigand
  2459 | Sewer    | Killed a kobold brigand
  2460 | Sewer    | Reached XP level 5. HP: 19/30 MP: 9/9
  2692 | Sewer    | Noticed a kobold brigand
  2695 | Sewer    | Killed a kobold brigand
  2696 | Sewer    | Reached skill level 5 in Stealth
  2696 | Sewer    | Reached XP level 6. HP: 33/35 MP: 10/10
  3398 | D:3      | Found a glowing silver altar of Zin.
  3641 | D:4      | Found a burning altar of Makhleb.
  3641 | D:4      | Found a radiant altar of Vehumet.
  3696 | D:3      | Found Boas's Assorted Antiques.
  3867 | D:4      | Learned a level 2 spell: Ensorcelled Hibernation
  3871 | D:4      | Learned a level 3 spell: Confusing Touch
  3944 | D:4      | Found a broken altar of Ashenzari.
  3945 | D:4      | Noticed a black bear
  3953 | D:4      | Killed a black bear
  3954 | D:4      | Reached XP level 7. HP: 30/40 MP: 5/12
  4144 | D:4      | Found Serol's Antique Weapon Emporium.
  4408 | D:4      | Found a shimmering blue altar of Sif Muna.
  4572 | D:5      | Entered Level 5 of the Dungeon
  4673 | D:5      | Found a sacrificial altar of Ru.
  4713 | D:5      | Reached skill level 6 in Stealth
  5075 | D:5      | Found a hazy altar of Hepliaklqana.
  5100 | D:5      | Reached XP level 8. HP: 46/46 MP: 13/13
  5769 | D:5      | Reached skill level 5 in Dodging
  5835 | D:5      | Reached skill level 5 in Short Blades
  6104 | D:6      | Reached skill level 7 in Stealth
  6104 | D:6      | Reached skill level 5 in Hexes
  6398 | D:6      | Noticed Menkaure
  6407 | D:6      | Killed Menkaure
  6408 | D:6      | Reached XP level 9. HP: 28/52 MP: 11/16
  6687 | D:6      | Noticed Maggie
  6695 | D:6      | Killed Maggie
  6696 | D:6      | Reached skill level 5 in Spellcasting
  7012 | D:6      | Noticed Blork the orc
  7021 | D:6      | Killed Blork the orc
  7284 | D:6      | Reached skill level 5 in Fighting
  7284 | D:6      | Reached skill level 8 in Stealth
  7290 | D:6      | Slain by an orc warrior

Illustrated notes

Levels and vault maps discovered:
D:1:      heliophobic_arrival_enchanted_forest, layout_basic,
          palyth_stone_intersect, hangedman_decor_points
D:2:      layout_loops_ring, serial_bayou, serial_bayou_ford_a,
          serial_bayou_pond_c, serial_bayou_pond_d, serial_bayou_pond_e,
          basic_ecumenical_altar
D:3:      kennysheep_six_static_rooms, layout_rooms, zin_treasury, led_xom_imps,
          serial_aquarium, aquarium_bridge_square [aquarium_subvault_bridge,
          aquarium_subvault_bridge, aquarium_subvault_window,
          aquarium_subvault_bridge], aquarium_window_corner, aquarium_window_1,
          aquarium_window_1, aquarium_view_2b, aquarium_view_2d,
          aquarium_balcony_double_2, serial_shops, shop, gup_sewer_entry_glass,
          lexackson_kobold_supper
D:4:      layout_rooms, grunt_temple_overflow_lords_of_destruction,
          mainiacjoe_overflow_alcove_4, mainiacjoe_overflow_surrounded_room,
          serial_shops, shop, dreamdust_wishing_well, minivault_4
D:5:      layout_basic, nicolae_hepliaklqana_hazy_memory,
          nicolae_ru_awakened_eye
D:6:      layout_cave_pools, pf_just_have_faith, kennysheep_generic_room_11,
          uniq_maggie, uniq_blork_the_orc, uniq_menkaure

Skill      XL: |  1  2  3  4  5  6  7  8  9 |
---------------+----------------------------+-----
Short Blades   | 2 3 4 5 6 |  6.2
Fighting       | 1 2 3 4 5 |  5.0
Dodging        | 3 4 5 6 |  6.2
Spellcasting   | 3 4 5 |  5.1
Stealth        | 5 6 7 8 |  8.0
Hexes          | 4 5 |  5.6

Action                   |  1- 3 |  4- 6 |  7- 9 || total
-------------------------+-------+-------+-------++-------
Melee: Dagger            |    64 |   164 |   154 ||   382
       Punch             |     1 |     3 |     3 ||     7
 Cast: Ensorcelled Hiber |       |     3 |     9 ||    12
       Confusing Touch   |       |       |    13 ||    13
  Use: Scroll            |       |     3 |       ||     3
 Stab: Sleeping          |    19 |    36 |    23 ||    78
       Distracted        |       |     1 |       ||     1
       Confused          |       |       |    14 ||    14
Armor: Robe              |     2 |    14 |     6 ||    22
Dodge: Dodged            |    28 |    88 |   100 ||   216

Table legend: (Time is in decaauts)
 A = Elapsed time spent in this place.
 B = Non-inter-level travel time spent in this place.
 C = Inter-level travel time spent in this place.
 D = Time resting spent in this place.
 E = Time spent auto-exploring this place.
 F = Levels seen in this place.
 G = Mean time per level.
                   A        B        C        D        E       F      G
               +--------+--------+--------+--------+--------+-----+--------+
         Total |   7313 |   7079 |    234 |   1249 |   4794 |   7 | 1044.7 |
       Dungeon |   6613 |   6379 |    234 |    991 |   4547 |   6 | 1102.2 |
         Sewer |    699 |    699 |      0 |    258 |    246 |   1 |  699.0 |
               +--------+--------+--------+--------+--------+-----+--------+

Top non-repeatable levels by time:
     D:5: 1708 daAuts
     D:2: 1144 daAuts
     D:1: 1010 daAuts
     D:6: 974 daAuts
     D:3: 926 daAuts
     D:4: 848 daAuts
   Sewer: 699 daAuts
